 Dungeon Crawl Stone Soup version 0.24.0-1-gfbc8707122 (webtiles) character file.

Game seed: 14727863959381690153, levelgen mode: deterministic

224 Esekla the Ducker (level 5, -4/24 (25) HPs)
             Began as a Spriggan Arcane Marksman on Oct 28, 2019.
             Was an Initiate of Gozag.
             Slain by an iguana (11 damage)
             ... on level 5 of the Dungeon.
             The game lasted 00:22:17 (3702 turns).

Esekla the Ducker (Spriggan Arcane Marksman)        Turns: 3702, Time: 00:22:18

HP:   -4/24 (25)    AC:  3    Str:  6    XL:     5   Next: 67%
MP:   8/8           EV: 20    Int: 14    God:    Gozag
Gold: 214           SH:  0    Dex: 18    Spells: 6/6 levels left

rFire    . . .     SeeInvis +   j - +1 dagger
rCold    . . .     Gourm    .   (shield restricted)
rNeg     . . .     Faith    .   a - +0 robe
rPois    .         Spirit   .   (helmet restricted)
rElec    .         Reflect  .   h - +0 cloak
rCorr    .         Harm     .   (gloves unavailable)
MR       .....     Rnd*Tele +   (boots unavailable)
Stlth    +++.......             (no amulet)
HPRegen  0.08/turn              k - ring of flight
MPRegen  0.11/turn              o - ring of teleportation (curse)

@: very quick
A: very small, unfitting armour, see invisible, herbivore, speed 3, slow
metabolism 2
a: Potion Petition, Call Merchant, Bribe Branch, Renounce Religion, Evoke Flight


You were on level 5 of the Dungeon.
You worshipped Gozag.
Gozag was aware of your devotion.
You were not hungry.

You visited 1 branch of the dungeon, and saw 5 of its levels.

You collected 265 gold pieces.
You paid 51 gold pieces to Gozag.

Inventory:

Hand Weapons
 j - a +1 dagger (weapon)
 m - the +4 spear "Pumeedgh" {elec, rPois}
   (You found it on level 4 of the Dungeon)

   Occasionally, upon striking a foe, it will discharge some electrical energy
   and cause terrible harm.
   It protects you from poison.
Missiles
 c - 10 boomerangs (quivered)
 d - 2 throwing nets
 g - 9 poisoned darts
Armour
 a - a +0 robe (worn)
 h - a +0 cloak (worn)
Jewellery
 k - a ring of flight (left hand)
 o - a cursed ring of teleportation (right hand)
Scrolls
 b - 2 scrolls of amnesia
 i - a scroll of immolation
Potions
 e - a potion of heal wounds
 p - 2 potions of curing
 q - a potion of might
 r - a potion of flight {unknown}
Comestibles
 f - 4 rations


   Skills:
 - Level 0.7 Fighting
 * Level 3.6 Short Blades
 - Level 0.5 Polearms
 - Level 2.0 Throwing
 + Level 4.9 Dodging
 + Level 4.7 Stealth
 + Level 1.4 Spellcasting
   Level 3.6 Hexes


You had 6 spell levels left.
You didn't know any spells.
Your spell library contained the following spells:

 Spells                   Type           Power        Failure   Level  Hunger
 Corona                   Hex            ##.....      6%          1    ##.....
 Slow                     Hex            ##......     9%          2    ###....
 Inner Flame              Hex/Fire       #.......     34%         3    ####...
 Portal Projectile        Hex/Tloc       #.....       34%         3    ####...
 Cause Fear               Hex            ##........   50%         4    #####..
 Leda's Liquefaction      Hex/Erth       #.........   75%         4    #####..


Dungeon Overview and Level Annotations

Branches:
Dungeon (5/15)
 Temple: D:4-7

Altars:
Gozag
Nemelex Xobeh
Qazlal
Yredelemnul


Innate Abilities, Weirdness & Mutations

You are very small and have problems with some larger weapons.
You are too small for most types of armour.
You have supernaturally acute eyesight. (SInv)
You are a herbivore.
You cover ground extremely quickly.
You need to consume almost no food.


Message History

You completely miss the iguana.
The iguana is lightly wounded.
The iguana barely misses you.
You hit the iguana but do no damage.
The iguana is lightly wounded.
You hit the iguana but do no damage.
The iguana is lightly wounded.
The iguana misses you.
You hit the iguana but do no damage.
The iguana is lightly wounded.
The iguana bites you!
* * * LOW HITPOINT WARNING * * *
You hit the iguana.
The iguana is moderately wounded.
The iguana completely misses you.
You see here 5 gold pieces.
You now have 214 gold pieces (gained 5).
The iguana bites you!
You die...
Your body crumbles into a pile of gold.

$ ..# .. #.. .....
#.# #. .... #.#
#..####.####.#
............# ###
#.#........# ..#
#........l@# ..#
#........#
..###+###........#
..##.............#
..##...(...#######
..##.......#
...'.......# $
..##..(....#
...........#


You could see an iguana.

Vanquished Creatures
  An orc priest (D:3)
  A worker ant (D:4)
  Robin (D:2)
  5 adders
  A shadow imp (D:5)
  An ooze (D:3)
  An adder skeleton (D:5)
  3 worms
  3 dart slugs
  2 leopard geckos
  5 orcs
  A giant cockroach (D:4)
  11 goblins
  12 hobgoblins
  4 jackals
  6 kobolds
  2 quokkas
  4 bats
  4 frilled lizards (D:1)
  A quokka skeleton (D:4)
  10 rats
79 creatures vanquished.

Notes
Turn   | Place    | Note
-------+----------+-------------------------------------------
     0 | D:1      | Esekla the Spriggan Arcane Marksman began the quest for the
                  | Orb.
     0 | D:1      | Reached XP level 1. HP: 9/9 MP: 3/3
   155 | D:1      | Reached skill level 1 in Stealth
   238 | D:2      | Noticed Robin
   352 | D:3      | Reached XP level 2. HP: 14/14 MP: 5/5
   491 | D:3      | Reached skill level 1 in Short Blades
   566 | D:4      | Got a crude spear
   595 | D:3      | Identified the +4 spear "Pumeedgh" {elec, rPois} (You found
                  | it on level 4 of the Dungeon)
   646 | D:3      | Found a sparkling altar of Nemelex Xobeh.
   709 | D:3      | Reached XP level 3. HP: 17/17 MP: 6/6
  1209 | D:2      | Reached XP level 4. HP: 17/21 MP: 7/7
  2046 | D:2      | Killed Robin
  2134 | D:2      | Found a basalt altar of Yredelemnul.
  2158 | D:2      | Found a stormy altar of Qazlal.
  2275 | D:2      | Became a worshipper of Yredelemnul the Dark
  2636 | D:3      | Reached XP level 5. HP: 25/25 MP: 8/8
  3045 | D:4      | Found an opulent altar of Gozag.
  3115 | D:4      | Fell from the grace of Yredelemnul
  3115 | D:4      | Became a worshipper of Gozag Ym Sagoz the Greedy
  3201 | D:5      | Entered Level 5 of the Dungeon
  3244 | D:5      | Noticed a sky beast
  3379 | D:5      | Noticed a shadow
  3379 | D:5      | Noticed a shadow
  3702 | D:5      | Slain by an iguana

Levels and vault maps discovered:
D:1:      eino_arrival_tree_alley, layout_basic, minmay_octomino_j4
D:2:      layout_basic, overflow_temple_1_default, grunt_qazlal_clouds,
          first_ration, uniq_robin
D:3:      layout_basic, chequers_serial_rivers_micro_c,
          small_statue_intersection, nemelex_spade_bored_becter
D:4:      layout_rooms, grunt_gozag_statues, uniq_crazy_yiuf_cottage,
          uniq_menkaure
D:5:      layout_basic, old_standard_altar, nicolae_elemental_shop

Skill      XL: |  1  2  3  4 |
---------------+-------------+-----
Stealth        | 1 2 3 4 |  4.7
Short Blades   | 1 3 |  3.6
Dodging        | 4 |  4.9
Fighting       | |  0.7
Polearms       | |  0.5
Throwing       | |  2.0
Spellcasting   | |  1.4
Hexes          | |  3.6

Action                   |  1- 3 |  4- 6 || total
-------------------------+-------+-------++-------
Melee: Dagger            |    25 |   169 ||   194
       Unarmed           |    14 |       ||    14
       Spear             |    56 |    52 ||   108
Throw: Boomerang         |    30 |     1 ||    31
  Use: Potion            |     2 |       ||     2
       Scroll            |       |     9 ||     9
 Stab: Sleeping          |     5 |    12 ||    17
       Distracted        |     2 |       ||     2
  Eat: Ration            |       |     1 ||     1
Armor: Robe              |     9 |     8 ||    17
Dodge: Dodged            |    84 |   132 ||   216
